Map: Nightshade LE

Players

Sleep

  • Race: Zerg Zerg
  • Spawn Location: 11:00

antagomiR - Winner!

  • Race: Protoss Protoss
  • League: Gold
  • Spawn Location: 5:00

VOD

Have the link to the VOD?

Description

Time

  • Played on: April 13, 2020, 5:02 p.m.
  • Length: 18:24
Show
View Real Time Build Order
Export as new Build Order

Sleep Zerg 

Build Orders: Pool First 

Get SALT Encoding   

  12  0:02  Drone  
  13  0:09  Drone  
  14  0:17  Overlord  
  14  0:26  Extractor, Drone  
  14  0:35  Drone  
  15  0:37  Drone  
  16  0:50  Spawning Pool  
  16  0:51  Drone  
  16  0:56  Drone  
  17  1:10  Drone  
  18  1:32  Hatchery  
  17  1:49  Hatchery  
  16  1:58  Queen  
  18  2:02  Drone  
  18  2:06  Drone  
  20  2:10  Drone  
  21  2:21  Drone  
  22  2:27  Metabolic Boost  
  22  2:38  Baneling Nest  
  22  2:43  Zergling x2  
  22  2:46  Overlord x2  
  22  2:54  Extractor  
  22  2:57  Drone  
  23  3:07  Hatchery  
  23  3:30  Drone x4  
  23  3:32  Queen  
  28  3:37  Lair  
  28  3:44  Evolution Chamber  
  28  3:48  Roach Warren  
  26  3:49  Zergling x2  
  26  3:53  Zergling x2  
  28  3:56  Drone x3  
  31  4:06  Drone  
  31  4:08  Drone x3  
  35  4:11  Zergling x2  
  36  4:17  Drone  
  36  4:18  Drone  
  38  4:30  Zerg Melee Weapons Level 1  
  38  4:34  Evolution Chamber  
  37  4:42  Spire  
  36  4:46  Roach x3  
  36  4:47  Zergling x4  
  36  4:50  Overlord  
  44  5:10  Drone x4  
  44  5:11  Drone  
  50  5:14  Extractor, Drone x2  
  50  5:15  Extractor, Overlord  
  50  5:17  Roach  
  51  5:27  Centrifical Hooks  
  52  5:35  Drone  
  52  5:38  Drone x2  
  52  5:41  Drone x3  
  57  5:44  Overseer x2  
  57  5:47  Baneling  
  57  5:55  Drone x3  
  60  6:00  Overlord x2  
  60  6:09  Baneling x4  
  60  6:10  Baneling  
  60  6:14  Overlord x2  
  60  6:23  Drone  
  61  6:26  Drone  
  61  6:32  Queen  
  62  6:34  Roach x3  
  62  6:35  Zergling x2  
  71  6:43  Hatchery  
  70  6:47  Zergling x2  
  70  6:48  Zergling x6, Roach x2  
  77  7:06  Ravager x4  
  72  7:45  Drone x3  
  72  7:46  Drone x4, Overlord  
  72  7:47  Overlord  
  79  7:58  Zergling x4  
  81  8:01  Baneling  
  81  8:02  Baneling x8  
  81  8:03  Baneling, Overlord  
  81  8:09  Zergling x2  
  81  8:12  Zergling x6  
  85  8:13  Zergling x8  
  69  8:44  Zergling x10  
  67  9:07  Baneling  
  67  9:08  Baneling x8  
  67  9:13  Drone x2  
  67  9:14  Drone x4  
  73  9:17  Extractor  
  73  9:19  Extractor  
  71  9:25  Zerg Flyer Weapons Level 1  
  71  9:26  Zerg Ground Armor Level 1  
  71  9:27  Zerg Missile Weapons Level 1  
  71  9:29  Hatchery, Pneumatized Carapace  
  70  9:34  Infestation Pit  
  70  9:37  Hydralisk Den  
  64  9:59  Roach x3  
  67  10:00  Roach x7  
  67  10:01  Roach x4  
  85  10:14  Queen  
  85  10:16  Zergling x8  
  85  10:17  Zergling x2  
  92  10:23  Hive  
  92  10:26  Grooved Spines  
  92  10:27  Neural Parasite  
  92  10:29  Overseer  
  92  10:49  Overseer  
  92  10:58  Corruptor x5  
  102  11:06  Baneling x2  
  102  11:07  Baneling x2  
  102  11:13  Drone x2  
  102  11:14  Drone x7  
  102  11:17  Drone x3  
  102  11:18  Drone x3  
  117  11:19  Overlord x3, Zerg Flyer Armor Level 1  
  117  11:26  Overseer  
  113  11:43  Zergling x8  
  113  11:44  Zergling x12  
  96  11:53  Zergling x8  
  83  12:05  Roach  
  83  12:06  Roach x3  
  87  12:25  Zergling x8  
  91  12:31  Roach x4  
  98  12:45  Hatchery  
  97  12:57  Hatchery  
  96  13:21  Greater Spire  
  115  13:55  Zergling x4  
  115  13:56  Zergling x6  
  119  14:06  Drone x3  
  122  14:38  Burrow  
  122  15:40  Brood Lord  
  122  15:41  Brood Lord x4  
  132  15:43  Corruptor x6  
  134  16:02  Zergling x10  
  134  16:03  Roach x5  
  134  16:04  Roach x2  
  121  16:33  Corruptor x2  
  121  16:34  Corruptor x4  
  112  16:49  Brood Lord  
  89  17:03  Brood Lord  
  89  17:06  Zergling x10  
  89  17:07  Zergling x6  
  65  17:44  Brood Lord  
  50  17:54  Drone x3  
  50  17:55  Drone x3  
Show
View Real Time Build Order
Export as new Build Order

antagomiR Protoss - Winner!

Build Orders: Chargelot Immortal 

Get SALT Encoding   

  12  0:01  Probe  
  13  0:13  Probe  
  14  0:25  Probe  
  14  0:26  Pylon  
  15  0:44  Probe  
  15  0:45  Gateway  
  16  0:56  Probe  
  17  0:59  Assimilator  
  16  1:08  Probe  
  17  1:16  Assimilator  
  17  1:20  Probe  
  18  1:32  Probe  
  19  1:37  Cybernetics Core  
  19  1:44  Probe  
  20  1:54  Pylon  
  20  1:59  Zealot (Chrono Boost)  
  22  2:09  Probe  
  23  2:19  Robotics Facility  
  23  2:21  Probe  
  24  2:28  Warp Gate (Chrono Boost), Adept (Chrono Boost)  
  26  2:38  Probe  
  27  2:50  Probe  
  28  2:54  Stalker (Chrono Boost)  
  28  2:57  Gateway  
  30  3:02  Probe  
  31  3:36  Nexus  
  31  3:47  Pylon  
  31  4:05  Probe  
  31  4:06  Immortal, Sentry  
  38  4:13  Gateway  
  38  4:18  Probe  
  38  4:21  Pylon  
  39  4:39  Probe  
  39  4:43  Sentry x2  
  39  4:44  Assimilator  
  39  4:45  Observer  
  45  4:47  Assimilator  
  45  4:57  Probe x2  
  47  5:02  Pylon  
  47  5:06  Twilight Council, Observer  
  48  5:08  Stalker  
  48  5:09  Probe x2  
  48  5:10  Sentry  
  54  5:21  Probe x2  
  56  5:33  Probe  
  56  5:34  Probe  
  58  5:40  Immortal  
  62  5:46  Probe x2  
  64  5:55  Stalker x2  
  68  5:58  Probe x2  
  70  6:11  Pylon  
  70  6:12  Charge (Chrono Boost)  
  70  6:15  Pylon  
  70  6:29  Probe, Immortal (Chrono Boost)  
  70  6:30  Probe  
  76  6:40  Shield Battery  
  76  6:45  Zealot  
  78  6:47  Pylon  
  76  7:03  Probe  
  76  7:04  Probe  
  78  7:14  Immortal  
  82  7:16  Probe x2  
  84  7:24  Nexus  
  84  7:26  Pylon  
  84  7:28  Probe, Pylon  
  74  7:41  Zealot x3  
  80  7:48  Probe x2  
  82  8:00  Probe x2  
  82  8:03  Zealot x3  
  90  8:12  Probe x2  
  92  8:14  Pylon  
  92  8:27  Forge  
  80  8:36  Nexus  
  80  8:40  Pylon, Immortal  
  78  8:42  Pylon  
  78  8:45  Zealot x3  
  84  8:51  Probe x2  
  86  9:03  Probe, Nexus  
  86  9:06  Shield Battery  
  87  9:13  Photon Cannon  
  87  9:17  Photon Cannon  
  87  9:18  Zealot  
  87  9:19  Protoss Ground Weapons Level 1 (Chrono Boost)  
  87  9:20  Photon Cannon  
  89  9:30  Templar Archives  
  89  9:33  Photon Cannon  
  89  9:43  Shield Battery  
  89  9:44  Photon Cannon  
  89  9:46  Shield Battery  
  89  9:48  Probe  
  89  10:00  Stalker  
  89  10:02  Stalker  
  89  10:03  Stalker  
  95  10:10  Shield Battery  
  95  10:11  Pylon  
  95  10:14  Photon Cannon  
  95  10:23  Probe x2  
  95  10:24  Probe  
  98  10:31  Assimilator  
  98  10:35  Probe, Zealot x2  
  102  10:40  Probe x2  
  105  10:45  Assimilator  
  105  10:47  Probe  
  105  10:49  Gateway  
  106  10:52  Probe x2  
  106  10:56  Immortal  
  112  10:58  Zealot  
  113  11:20  Probe x2  
  113  11:21  Probe  
  113  11:22  Protoss Ground Weapons Level 2 (Chrono Boost)  
  117  11:32  Probe  
  117  11:33  Probe  
  117  11:39  Gateway  
  118  11:40  Gateway  
  118  11:44  Gateway  
  113  11:57  Zealot x4  
  119  12:11  Probe x3  
  110  12:23  Probe x3  
  110  12:25  Nexus  
  110  12:26  Pylon  
  110  12:29  Pylon  
  113  12:31  Gateway x2  
  113  12:35  Gateway  
  113  12:36  Shield Battery  
  113  12:39  Photon Cannon  
  113  12:40  Zealot x2  
  113  12:41  Photon Cannon, Zealot x2  
  113  12:42  Zealot  
  115  12:47  Photon Cannon  
  115  12:58  Shield Battery  
  115  13:00  Photon Cannon, Shield Battery  
  115  13:03  Photon Cannon  
  115  13:06  Photon Cannon  
  115  13:10  Immortal  
  115  13:11  Gateway  
  119  13:30  Pylon  
  119  13:33  Pylon  
  119  13:35  Pylon  
  119  13:37  Pylon  
  119  13:41  Probe x3  
  122  13:49  Immortal, Stargate, Zealot  
  122  13:50  Zealot x2  
  122  13:51  Stargate  
  122  13:53  Probe x2  
  122  13:55  Probe x2  
  136  14:05  Probe x2  
  136  14:09  Stargate  
  138  14:12  Protoss Ground Weapons Level 3 (Chrono Boost), Stargate  
  138  14:14  Stargate  
  131  14:59  Stalker  
  129  15:00  Stalker x2  
  129  15:01  Sentry x4  
  129  15:02  Zealot x4  
  143  15:20  Gateway  
  143  15:22  Photon Cannon  
  143  15:26  Pylon  
  143  15:37  Zealot x11  
  165  15:45  Pylon  
  165  15:54  Pylon  
  149  16:05  Stalker x4  
  149  16:06  Stalker x5  
  157  16:34  Fleet Beacon  
  157  16:38  Stalker x2  
  157  16:39  Stalker x5  
  165  16:40  Stalker x4  
  151  17:17  Tempest x2  
  151  17:18  Tempest  
  166  17:31  Stalker x4  
  166  17:32  Stalker  
  166  17:33  Zealot  
Tags
 
League
Gold
Matchup
PvZ
Opening
Pool First
Replay Pack
20200422
Spawn Locations
Cross Positions
Add a new tag
Caveats
  • Supply blocks, unpowered buildings, or Contaminate may cause inaccurate times.
  • Supply counts are checked every 10 seconds.